 Dungeon Crawl Stone Soup version 0.27.1 (webtiles) character file.

Game seed: 11936621194903857926

11040 ABBCCCDDDD the Destroyer (level 11, -10/72 HPs)
             Began as an Octopode Earth Elementalist on Aug 26, 2021.
             Was a Believer of Vehumet.
             Killed from afar by an ice dragon (51 damage)
             ... with a blast of cold
             ... in an ice cave.
             The game lasted 00:45:20 (17750 turns).

ABBCCCDDDD the Destroyer (OpEE)                    Turns: 17750, Time: 00:45:20

Health: -10/72     AC:  8    Str:  7    XL:     11   Next: 71%
Magic:  10/23      EV: 15    Int: 27    God:    Vehumet [**....]
Gold:   279        SH: 12    Dex: 19    Spells: 13/26 levels left

rFire    . . .     SeeInvis +   K - +2 short sword (flame)
rCold    . . .     Faith    .   d - +1 buckler {AC+3}
rNeg     . . .     Spirit   .   (helmet restricted)
rPois    .         Reflect  +   c - amulet of reflection
rElec    .         Harm     .   m - ring of flight
rCorr    +         Rampage  .   p - +6 ring of intelligence
Will     .....                  r - ring of wizardry
Stlth    ++++......             v - ring of see invisible
HPRegen  0.22/turn              D - ring of resist corrosion
MPRegen  0.18/turn              J - +6 ring of dexterity
                                L - +4 ring of protection
                                (no ring)

@: flying
A: almost no armour, amphibious, 8 rings, camouflage 1, gelatinous body 1,
(nimble swimmer 1), tentacles, tentacle spike 1, mutation resistance 1
a: Renounce Religion


You were in an ice cave.
You worshipped Vehumet.
Vehumet was pleased with you.
You visited 2 branches of the dungeon, and saw 12 of its levels.
You also visited: Ossuary and Ice Cave.

You collected 675 gold pieces.
You spent 396 gold pieces at shops.

Inventory:

Hand Weapons
 B - a +1 spear
 K - a +2 short sword of flaming (weapon)
Missiles
 a - 14 silver boomerangs
 b - 254 stones
 t - 32 poisoned darts (quivered)
Armour
 d - a +1 buckler of protection (worn)
Magical Staves
 e - a staff of cold
Jewellery
 c - an amulet of reflection (around mantle)
 m - a ring of flight (left tentacle)
 p - a +6 ring of intelligence (right tentacle)
 r - a ring of wizardry (on tentacle)
 v - a ring of see invisible (on tentacle)
 A - an amulet of guardian spirit
 D - a ring of resist corrosion (on tentacle)
 J - a +6 ring of dexterity (on tentacle)
 L - a +4 ring of protection (on tentacle)
Wands
 s - a wand of flame (10)
 C - a wand of polymorph (16)
 H - a wand of iceblast (6)
 O - a wand of digging (2)
Scrolls
 f - 5 scrolls of enchant weapon
 j - 3 scrolls of enchant armour
 n - a scroll of noise
 o - 3 scrolls of vulnerability
 y - 2 scrolls of amnesia
 G - 2 scrolls of fog
 N - a scroll of blinking {unknown}
 P - a scroll of summoning {unknown}
 Q - a scroll of acquirement
 S - a scroll of immolation {unknown}
Potions
 g - 4 potions of curing
 h - a potion of mutation
 i - 2 potions of lignification
 k - 3 potions of cancellation
 l - 2 potions of resistance
 q - 2 potions of might
 u - a potion of ambrosia
 w - a potion of brilliance
 x - 4 potions of attraction
 z - 2 potions of haste
 E - 2 potions of flight
 I - 3 potions of magic {unknown}
 M - a potion of heal wounds {unknown}
 R - a potion of invisibility {unknown}


   Skills:
 + Level 5.6 Fighting
 + Level 3.6 Dodging
 - Level 6.0 Stealth
 - Level 4.0 Shields
 - Level 8.0 Spellcasting
 - Level 8.0 Conjurations
 + Level 2.7 Transmutations
 - Level 8.0 Earth Magic
 - Level 7.8 Poison Magic
 + Level 4.6 Evocations


You had 13 spell levels left.
You knew the following spells:

 Your Spells              Type           Power      Damage    Failure   Level
a - Sandblast             Erth           100%       2d20      1%          1
b - Stone Arrow           Conj/Erth      100%       3d13      1%          3
c - Petrify               Tmut/Erth      39%        N/A       2%          4
d - Olgreb's Toxic Radia  Pois           52%        N/A       1%          4
e - Foxfire               Conj/Fire      100%       2x1d9     1%          1

Your spell library contained the following spells:

 Spells                   Type           Power      Damage    Failure   Level
 Searing Ray              Conj           100%       3d7       1%          2
 Sting                    Tmut/Pois      100%       1d8       1%          1
 Passwall                 Tmut/Erth      32%        N/A       1%          2
 Poisonous Vapours        Pois/Air       64%        N/A       1%          2
 Conjure Flame            Conj/Fire      32%        6-21      1%          3
 Apportation              Tloc           20%        N/A       2%          1
 Inner Flame              Hex/Fire       10%        N/A       6%          3
 Alistair's Intoxication  Tmut/Pois      26%        N/A       7%          5
 Invisibility             Hex            5%         N/A       95%         6
 Borgnjor's Revivificati  Necr           5%         N/A       100%        8
 Necromutation            Tmut/Necr      9%         N/A       100%        8
 Death's Door             Necr           5%         N/A       100%        9


Dungeon Overview and Level Annotations

Branches:
Dungeon (11/15)            Temple (1/1) D:6            Lair (0/6) D:10
Ossuary (visited)           IceCv (1/1)
    Orc: D:9-12

Altars:
Ashenzari
Cheibriados
Dithmenos
Elyvilon
Fedhas
Gozag
Hepliaklqana
Kikubaaqudgha
Makhleb
Nemelex Xobeh
Okawaru
Qazlal
Ru
Sif Muna
Trog
Uskayaw
Vehumet
Wu Jian
Xom
Yredelemnul
Zin
The Shining One

Shops:
D:4 *   D:9 =

Annotations:
D:9 Erolcha


Innate Abilities, Weirdness & Mutations

You cannot wear most types of armour.
You are amphibious.
You can wear up to eight rings at the same time.
Your skin changes colour to match your surroundings (Stealth+).
Your rubbery body absorbs attacks. (AC +1, EV +1)
((You are camouflaged near water. (Stealth+)))
You have tentacles for arms and can constrict up to eight enemies at once.
One of your tentacles bears a spike.
You are somewhat resistant to further mutation.


Message History

Casting: Petrify (dangerous; 2% risk of failure)
Confirm with . or Enter, or press ? or * to list all spells.
Aiming: Stone Arrow (safe; 1% risk of failure)
Press: ? - help, Shift-Dir - straight line, f/p - ice dragon
Aim: an ice dragon (petrified, catching its breath, 100% to hit)
The stone arrow hits the ice dragon!
The ice dragon is lightly wounded.
Casting: Stone Arrow (safe; 1% risk of failure)
Confirm with . or Enter, or press ? or * to list all spells.
Aiming: Stone Arrow (safe; 1% risk of failure)
Press: ? - help, Shift-Dir - straight line, f/p - ice dragon
Aim: an ice dragon (lightly wounded, petrified, 100% to hit)
The stone arrow hits the ice dragon!!
The ice dragon is lightly wounded.
Casting: Stone Arrow (safe; 1% risk of failure)
Confirm with . or Enter, or press ? or * to list all spells.
Aiming: Stone Arrow (safe; 1% risk of failure)
Press: ? - help, Shift-Dir - straight line, f/p - ice dragon
Aim: an ice dragon (lightly wounded, petrified, 100% to hit)
The stone arrow hits the ice dragon!
The ice dragon is moderately wounded.
Casting: Stone Arrow (safe; 1% risk of failure)
Confirm with . or Enter, or press ? or * to list all spells.
Aiming: Stone Arrow (safe; 1% risk of failure)
Press: ? - help, Shift-Dir - straight line, f/p - ice dragon
Aim: an ice dragon (moderately wounded, petrified, 100% to hit)
The stone arrow hits the ice dragon!!
The ice dragon is moderately wounded.
The ice dragon is no longer petrified.
Casting: Stone Arrow (safe; 1% risk of failure)
Confirm with . or Enter, or press ? or * to list all spells.
Aiming: Petrify (dangerous; 2% risk of failure)
Press: ? - help, Shift-Dir - straight line, f/p - ice dragon
Aim: an ice dragon (moderately wounded, chance to affect: 50%)
The ice dragon resists with some effort.
There is an ice choked empty arch of ancient stone here.
The ice dragon breathes frost at you. The blast of cold hits you!!!
Ouch! That really hurt!
You die...

##...##
#...##
#...##
##.D.#
##...##
##.....##
#...∩...#
#.......#
##..@..##
##...##
####.##
##.##
##.##
##.##
##.##
##.# ##.#


You could see an ice dragon (catching breath).

Levels and vault maps discovered:
D:1:      lightli_arrival_flooded_house, layout_rooms,
          dilly_ecumenical_altar_fadedgnrine, minmay_misc_feat_rows,
          minivault_25
D:2:      layout_basic, grunt_ministairs_12
D:3:      layout_loops_cross
D:4:      layout_gridville, nicolae_shop_gadgets, uniq_pikel
D:5:      kennysheep_big_flooded_room, layout_basic
D:6:      layout_rooms, nicolae_qazlal_scattered_showers,
          mainiacjoe_overflow_catwalk_spiral, minmay_temple_entry_glass
D:7:      layout_loops_ring, mainiacjoe_overflow_surrounded_room,
          nicolae_ossuary_entry_giza
D:8:      layout_basic, lemuel_round_altar, minmay_unpleasant_kobolds
D:9:      layout_cave_pools, serial_shops, shop, uniq_erolcha
D:10:     layout_long_grid, minmay_lair_entry_grove
D:11:     layout_big_octagon, erik_orc_1, portal_ice_cave_demonic_guard
Temple:   minmay_crystal_spiral_temple
IceCv:    ice_cave_small_dragons

Notes
Turn   | Place    | Note
-------+----------+-------------------------------------------
     0 | D:1      | ABBCCCDDDD the Octopode Earth Elementalist began the quest
                  | for the Orb.
     0 | D:1      | Reached XP level 1. HP: 11/11 MP: 3/3
   219 | D:1      | Reached XP level 2. HP: 17/17 MP: 1/5
   348 | D:1      | Found a faded altar of an unknown god.
   871 | D:2      | Reached XP level 3. HP: 21/21 MP: 6/6
  1046 | D:2      | Learned a level 3 spell: Stone Arrow
  1510 | D:2      | Gained mutation: One of your tentacles bears a spike.
                  | [potion of mutation]
  1510 | D:2      | Gained mutation: You are somewhat resistant to further
                  | mutation. [potion of mutation]
  1517 | D:2      | Reached XP level 4. HP: 8/27 MP: 3/7
  2232 | D:3      | Reached skill level 1 in Fighting
  2232 | D:3      | Reached skill level 1 in Conjurations
  2624 | D:3      | Reached skill level 1 in Shields
  2755 | D:3      | Reached XP level 5. HP: 26/33 MP: 8/8
  3286 | D:4      | Found Voismazo's Gadget Gallery.
  3386 | D:4      | Noticed a lemure
  3533 | D:4      | Noticed a lemure
  3540 | D:4      | Noticed a kobold brigand
  3594 | D:4      | Killed a lemure
  3687 | D:4      | Noticed a lemure
  3710 | D:3      | Killed a lemure
  3905 | D:4      | Killed a kobold brigand
  3906 | D:4      | Reached XP level 6. HP: 12/39 MP: 1/9
  4081 | D:4      | Noticed Pikel
  4781 | D:4      | Killed Pikel
  4782 | D:4      | Reached skill level 5 in Stealth
  4782 | D:4      | Reached XP level 7. HP: 46/46 MP: 2/10
  4885 | D:4      | Identified a scroll of acquirement
  4891 | D:4      | Acquired a +1 buckler of protection
  5228 | D:5      | Entered Level 5 of the Dungeon
  5251 | D:5      | Noticed a yak
  5491 | D:5      | Reached XP level 8. HP: 52/52 MP: 4/11
  6432 | D:5      | Reached skill level 5 in Earth Magic
  6944 | D:5      | Reached skill level 5 in Conjurations
  7151 | D:5      | Killed a yak
  7318 | D:5      | Acquired a ring of see invisible
  7372 | D:5      | Reached skill level 5 in Fighting
  7372 | D:5      | Reached XP level 9. HP: 61/61 MP: 4/15
  8148 | D:6      | Found a white marble altar of Elyvilon.
  8170 | D:6      | Found a staircase to the Ecumenical Temple.
  8180 | Temple   | Entered the Ecumenical Temple
  8348 | Temple   | Became a worshipper of Vehumet
  8509 | D:6      | Found a stormy altar of Qazlal.
  8536 | D:6      | Found a shimmering altar of Xom.
  8988 | D:7      | Reached skill level 5 in Spellcasting
  9268 | D:7      | Found a sand-covered staircase.
  9314 | Ossuary  | Entered an ossuary
  9352 | Ossuary  | Reached * piety under Vehumet
  9352 | Ossuary  | Offered knowledge of Magic Dart by Vehumet.
  9655 | Ossuary  | Reached XP level 10. HP: 66/66 MP: 14/18
 10067 | D:7      | Learned a level 4 spell: Petrify
 10072 | D:7      | Learned a level 4 spell: Olgreb's Toxic Radiance
 10493 | D:7      | Found an iron altar of Okawaru.
 10601 | D:8      | Reached skill level 1 in Poison Magic
 10645 | D:8      | Found a snail-covered altar of Cheibriados.
 11196 | D:8      | Noticed a two-headed ogre
 11349 | D:8      | Killed a two-headed ogre
 11460 | D:8      | Offered knowledge of Static Discharge by Vehumet.
 11825 | D:8      | Reached ** piety under Vehumet
 12013 | D:9      | Found Digan's Jewellery Shop.
 12023 | D:9      | Bought a +4 ring of protection for 396 gold pieces
 12466 | D:9      | Noticed Erolcha
 12592 | D:9      | Noticed a two-headed ogre
 12605 | D:9      | Killed a two-headed ogre
 12606 | D:9      | Reached skill level 5 in Poison Magic
 12708 | D:9      | Reached XP level 11. HP: 65/71 MP: 4/22
 12925 | D:10     | Entered Level 10 of the Dungeon
 13024 | D:10     | Reached skill level 1 in Evocations
 13359 | D:10     | Learned a level 1 spell: Foxfire
 13940 | D:10     | Found a staircase to the Lair.
 14379 | D:11     | Noticed a red ugly thing
 14391 | D:11     | Killed a red ugly thing
 14448 | D:11     | Found a frozen archway.
 14717 | IceCv    | Entered an ice cave
 14920 | IceCv    | Offered knowledge of Searing Ray by Vehumet.
 17391 | IceCv    | Noticed an ice dragon
 17750 | IceCv    | Killed from afar by an ice dragon

Table legend: (Time is in decaauts)
 A = Elapsed time spent in this place.
 B = Non-inter-level travel time spent in this place.
 C = Inter-level travel time spent in this place.
 D = Time resting spent in this place.
 E = Time spent auto-exploring this place.
 F = Levels seen in this place.
 G = Mean time per level.
                   A        B        C        D        E       F      G
               +--------+--------+--------+--------+--------+-----+--------+
         Total |  17761 |  16984 |    777 |   8494 |   5176 |  14 | 1268.6 |
       Dungeon |  13989 |  13298 |    691 |   5834 |   4819 |  11 | 1271.7 |
        Temple |    255 |    169 |     86 |      0 |    129 |   1 |  255.0 |
       Ossuary |    483 |    483 |      0 |    108 |    211 |   1 |  483.0 |
      Ice Cave |   3033 |   3033 |      0 |   2552 |     17 |   1 | 3033.0 |
               +--------+--------+--------+--------+--------+-----+--------+

Top non-repeatable levels by time:
   IceCv: 3033 daAuts
     D:5: 2350 daAuts
     D:8: 1867 daAuts
     D:3: 1828 daAuts
     D:4: 1315 daAuts
     D:2: 1307 daAuts
     D:7: 1127 daAuts
     D:6: 1093 daAuts
    D:10: 1058 daAuts
     D:9: 877 daAuts
     D:1: 804 daAuts
 Ossuary: 483 daAuts
    D:11: 358 daAuts
  Temple: 255 daAuts

Table legend:
 A = Kills in this place as a percentage of kills in entire the game.
 B = Kills by you in this place as a percentage of kills by you in the entire game.
 C = Kills by friends in this place as a percentage of kills by friends in the entire game.
 D = Other kills in this place as a percentage of other kills in the entire game.
 E = Experience gained in this place as a percentage of experience gained in the entire game.
 F = Experience gained in this place divided by the number of levels of this place that you have seen.
                   A       B       C       D       E      F
               +-------+-------+-------+-------+-------+----------------------
         Total | 100.0 | 100.0 |   N/A |   N/A | 100.0 | 1126.6
       Dungeon |  86.3 |  86.3 |   N/A |   N/A |  84.7 | 1213.9
       Ossuary |   6.5 |   6.5 |   N/A |   N/A |   2.7 | 430.0
      Ice Cave |   7.3 |   7.3 |   N/A |   N/A |  12.6 | 1989.0
               +-------+-------+-------+-------+-------+----------------------

Action                   |  1- 3 |  4- 6 |  7- 9 | 10-12 || total
-------------------------+-------+-------+-------+-------++-------
Melee: Unarmed           |     7 |       |       |       ||     7
       Constrict         |    14 |     8 |    11 |     4 ||    37
       Tentacles         |     8 |     8 |    19 |     8 ||    43
       Short sword       |    55 |    38 |    68 |    43 ||   204
       Kick              |     2 |    11 |    19 |    14 ||    46
Throw: Stone             |       |     1 |       |       ||     1
       Dart              |       |       |    21 |    13 ||    34
 Cast: Sandblast         |    14 |    48 |    18 |    38 ||   118
       Stone Arrow       |       |    21 |    95 |   195 ||   311
       Petrify           |       |       |       |     5 ||     5
       Olgreb's Toxic Ra |       |       |       |     2 ||     2
       Foxfire           |       |       |       |     9 ||     9
Evoke: Wand              |       |       |       |     2 ||     2
  Use: Potion            |     3 |       |       |     1 ||     4
       Scroll            |       |       |    11 |     9 ||    20
 Stab: Sleeping          |    20 |     4 |     3 |     3 ||    30
       Petrified         |       |       |       |    12 ||    12
Armor: Skin              |     2 |     3 |    20 |    33 ||    58
Dodge: Dodged            |    28 |    12 |    33 |    44 ||   117
Block: Other             |     7 |       |       |       ||     7
       Buckler           |       |    20 |    49 |    56 ||   125
       Reflection        |       |     1 |       |     1 ||     2

Vanquished Creatures
  2 two-headed ogres
  Pikel (D:4)
  An ugly thing (D:11)
  2 ice statues (IceCv)
  A komodo dragon (D:11)
  2 rime drakes (IceCv)
  2 ice devils (D:11)
  2 hornets
  A centaur simulacrum (D:10)
  A yak (D:5)
  2 shadows (D:10)
  3 basilisks
  4 vampire mosquitoes (D:9)
  5 water moccasins
  3 orc warriors
  A black bear (D:5)
  3 ice beasts
  A sky beast (D:6)
  2 necrophages
  4 wolves (D:10)
  An ogre (D:5)
  4 centaurs
  A phantom (D:6)
  2 elf zombies (Ossuary)
  3 kobold brigands
  4 lemures
  2 bullfrogs
  4 scorpions
  A wyvern skeleton (D:5)
  9 killer bees
  2 lindwurm simulacra (IceCv)
  3 wights (D:7)
  4 howler monkeys
  4 centaur zombies
  2 komodo dragon simulacra (IceCv)
  3 human zombies (Ossuary)
  A hound (D:4)
  An orc priest (D:9)
  2 bullfrog zombies (D:6)
  2 centaur skeletons
  A gnoll shaman (D:7)
  9 orc wizards
  A scorpion zombie (D:5)
  5 iguanas
  2 hound zombies
  2 hound skeletons
  5 mummies
  2 howler monkey zombies
  6 adders
  10 gnolls
  A howler monkey skeleton (D:4)
  3 acid dragon simulacra (IceCv)
  7 steam dragon simulacra (IceCv)
  A worm (D:2)
  A dart slug (D:3)
  17 orcs
  8 endoplasms
  4 giant cockroaches
  A gnoll zombie (Ossuary)
  5 goblins
  5 hobgoblins
  12 jackals
  17 kobolds
  5 quokkas
  7 ball pythons
  4 bats
  3 frilled lizards (D:2)
  A goblin zombie (Ossuary)
  A jackal zombie (Ossuary)
  2 kobold zombies (Ossuary)
  3 orc zombies
  3 rats
252 creatures vanquished.

Vanquished Creatures (others)
  A bush (D:10)
  12 foxfires (IceCv)
  3 fungi (D:10)
  26 plants (D:10)
42 creatures vanquished.

Grand Total: 294 creatures vanquished
